 Dungeon Crawl Stone Soup version 0.27.1 (webtiles) character file.

Game seed: 16013024266824138675

1412 speeev33 the Cleaver (level 8, -2/74 HPs)
             Began as a Hill Orc Fighter on Sept 4, 2021.
             Splashed by a gnoll's acid (13 damage)
             ... on level 5 of the Dungeon.
             The game lasted 00:07:47 (6074 turns).

speeev33 the Cleaver (Hill Orc Fighter)             Turns: 6074, Time: 00:07:48

Health: -2/74      AC:  6    Str: 21    XL:     8   Next: 70%
Magic:  8/8        EV:  8    Int:  8    God:
Gold:   198        SH: 10    Dex: 10    Spells: 7/7 levels left

rFire    + . .     SeeInvis .   a - +1 war axe
rCold    . . .     Faith    .   c - +0 kite shield
rNeg     . . .     Spirit   .   b - +0 scale mail
rPois    .         Reflect  .   (no helmet)
rElec    .         Harm     .   (no cloak)
rCorr    .         Rampage  .   (no gloves)
Will     .....                  (no boots)
Stlth    ..........             (no amulet)
HPRegen  0.22/turn              g - ring of protection from fire
MPRegen  0.11/turn              (no ring)

@: no status effects
A: no striking features
a: no special abilities


You were on level 5 of the Dungeon.
You visited 1 branch of the dungeon, and saw 5 of its levels.

You collected 198 gold pieces.

Inventory:

Hand Weapons
 a - a +1 war axe (weapon)
Missiles
 d - 2 throwing nets (quivered)
Armour
 b - a +0 scale mail (worn)
 c - a +0 kite shield (worn)
Jewellery
 g - a ring of protection from fire (left hand)
Wands
 k - a wand of polymorph (3)
Scrolls
 e - a scroll of enchant weapon
 f - 2 scrolls of teleportation
Potions
 h - 2 potions of curing
 i - a potion of cancellation
 j - a potion of brilliance {unknown}
 l - a potion of flight {unknown}
 m - a potion of lignification {unknown}


   Skills:
 + Level 8.1 Fighting
 + Level 8.3 Axes
 - Level 3.2 Armour
 + Level 7.3 Shields


You had 7 spell levels left.
You didn't know any spells.
Your spell library was empty.

Dungeon Overview and Level Annotations

Branches:
Dungeon (5/15)
 Temple: D:4-7

Altars:

Annotations:
D:5 1 transporter, nxtlvl's ghost, weakling DrBe


Message History

Press: ? - help, v - describe, . - travel, g - get item Item here: a square lapis lazuli amulet.
The floor.
The gnoll shouts!
The gnoll sergeant shouts!
There is a transporter here.
You enter the transporter and appear at another place.
A gnoll comes into view.
It is wielding a +0 halberd and carrying a wand of paralysis (4).
The gnoll shouts!
You block the gnoll's attack.
A gnoll sergeant opens the door.
The gnoll zaps a wand.
The bolt of acid hits the gnoll!
The gnoll is splashed with acid.
The acid corrodes the gnoll!
The gnoll dies!
The bolt of acid hits the plant!
The plant is splashed with acid.
The plant begins to die.
The bolt of acid misses you.
The gnoll hits you from afar with a +0 halberd.
The gnoll barely misses you. You block the gnoll sergeant's attack.
You slash the gnoll sergeant!
The gnoll sergeant is heavily wounded.
You slash the plant!
The plant begins to die.
You hit the plant but do no damage. The gnoll hits you but does no damage.
The gnoll sergeant hits you with a +1 trident of electrocution!
The gnoll hits you from afar with a +0 halberd.
The gnoll hits you from afar with a +3 halberd!
You block the gnoll sergeant's attack. The gnoll sergeant blocks your attack.
The gnoll sergeant is heavily wounded.
You slash the plant! You hit the plant.
The plant begins to die.
You block the gnoll sergeant's attack. The gnoll completely misses you.
The gnoll hits you from afar with a +3 halberd.
The gnoll sergeant hits you from afar with a +0 spear!
The gnoll sergeant hits you with a +1 trident of electrocution!
* * * LOW HITPOINT WARNING * * *
Press: ? - help, v - describe, . - travel
Here: a gnoll, wielding a +3 halberd The floor.
A nearby plant withers and dies.
The gnoll barely misses you.
The gnoll zaps a wand.
The bolt of acid hits you!
* * * LOW HITPOINT WARNING * * *
You are splashed with acid!
You die...

≈≈≈≈....... ≈≈≈≈≈≈≈≈≈≈
≈≈≈.##.### .......# ### #.# #
.©.###.#.8.# #.#
.#####.###...#≈≈ #)#
.......... ##≈≈. #.# ##+###'##
#8.≈≈.##.## .#
."#8.P#PgP#.##.≈≈.#...##
'..g#⌠©g.@..+..#.≈≈......#
#gWg#8..#P.P#.##.≈≈.......
#####)###g##. 8.≈≈.......
........gg..###≈≈.#...#. # #
#.#####©###...#≈≈.#.#†#.
#.8g#.###.©.###.#.8.#≈≈.#.#.##
###...........#####≈≈ #.#†#
≈≈≈≈≈≈≈≈≈...≈≈≈≈≈≈≈≈≈≈≈ #.#.#
≈≈≈≈≈≈≈≈≈...≈≈≈≈≈≈≈≈≈≈≈ #.#.#


You could see 2 gnoll sergeants and 3 gnolls.

Vanquished Creatures
  Grinder (D:3)
  Edmund (D:4)
  Duvessa (D:4)
  A black bear (D:4)
  2 necrophages
  An ogre (D:5)
  A phantom (D:5)
  Dowan (D:4)
  A howler monkey (D:5)
  A jelly (D:5)
  2 orc priests (D:4)
  A bullfrog skeleton (D:5)
  An iguana (D:5)
  An orc wizard (D:3)
  Natasha (thrice) (D:2)
  Robin (D:2)
  8 adders
  A shadow imp (D:4)
  An adder skeleton (D:4)
  3 worms (D:4)
  4 dart slugs
  18 orcs
  6 ball pythons
  8 endoplasms
  2 giant cockroaches
  11 hobgoblins
  4 jackals (D:5)
  4 quokkas
  3 bats
  4 frilled lizards
  13 goblins
  8 kobolds
  3 rats
121 creatures vanquished.

Vanquished Creatures (others)
  A gnoll (D:5)
  A plant (D:5)
2 creatures vanquished.

Grand Total: 123 creatures vanquished

Notes
Turn   | Place    | Note
-------+----------+-------------------------------------------
     0 | D:1      | speeev33 the Hill Orc Fighter began the quest for the Orb.
     0 | D:1      | Reached XP level 1. HP: 19/19 MP: 1/1
    86 | D:1      | Reached XP level 2. HP: 18/27 MP: 2/2
   441 | D:1      | Found a faded altar of an unknown god.
   579 | D:1      | You fall into a shaft and drop 1 floor!
   665 | D:2      | Reached XP level 3. HP: 24/33 MP: 3/3
   785 | D:2      | Noticed Robin
   826 | D:2      | Killed Robin
   827 | D:2      | Reached XP level 4. HP: 19/41 MP: 4/4
   835 | D:2      | HP: 2/41 [hobgoblin (3)]
  1130 | D:2      | Noticed Natasha
  1147 | D:2      | HP: 1/41 [Natasha/magic dart (5)]
  1148 | D:2      | Killed Natasha
  1167 | D:2      | Noticed Natasha
  1188 | D:2      | HP: 1/41 [Natasha (4)]
  1190 | D:2      | Killed Natasha
  1191 | D:2      | Reached XP level 5. HP: 1/47 MP: 5/5
  1523 | D:2      | Noticed Natasha
  1529 | D:2      | Killed Natasha
  1530 | D:2      | Reached skill level 5 in Fighting
  3081 | D:3      | Reached skill level 5 in Axes
  3237 | D:3      | Reached skill level 5 in Shields
  3237 | D:3      | Reached XP level 6. HP: 5/56 MP: 6/6
  3531 | D:3      | Noticed Grinder
  3541 | D:3      | Killed Grinder
  3542 | D:3      | Reached XP level 7. HP: 40/63 MP: 7/7
  4435 | D:4      | Noticed Edmund
  4448 | D:4      | Killed Edmund
  4786 | D:4      | Reached XP level 8. HP: 54/73 MP: 8/8
  4957 | D:4      | Noticed Duvessa
  4957 | D:4      | Noticed Dowan
  4979 | D:4      | Killed Duvessa
  4993 | D:4      | Killed Dowan
  5517 | D:5      | Entered Level 5 of the Dungeon
  6029 | D:5      | Found a transporter.
  6029 | D:5      | Found a transporter.
  6051 | D:5      | Noticed nxtlvl's ghost (weakling DrBe)
  6057 | D:5      | Identified the +1 ring mail of Lethargy {rElec rC++ Regen+}
  6057 | D:5      | Identified the +0 kite shield of the True Pharaoh {Int+5}
  6074 | D:5      | Splashed by a gnoll's acid

Illustrated notes

Levels and vault maps discovered:
D:1:      wander_arrival_estate, layout_basic,
          dilly_ecumenical_altar_fadedgnrine, minmay_pentomino_v4
D:2:      layout_basic, uniq_robin, uniq_natasha
D:3:      layout_basic, uniq_grinder
D:4:      layout_loops_corners, uniq_edmund, uniq_duvessa
D:5:      layout_loops_ring, gammafunk_ghost_gnarly_gnolls,
          hangedman_abyss_or_decor_stabs, uniq_blork_the_orc

Skill      XL: |  1  2  3  4  5  6  7  8 |
---------------+-------------------------+-----
Axes           | 3 4 5 7 8 |  8.3
Fighting       | 4 5 6 7 8 |  8.1
Shields        | 4 5 6 7 |  7.3
Armour         | |  3.2

Action                   |  1- 3 |  4- 6 |  7- 9 || total
-------------------------+-------+-------+-------++-------
Melee: War axe           |    79 |   140 |   178 ||   397
  Use: Scroll            |     3 |     4 |     1 ||     8
       Potion            |     1 |     1 |       ||     2
Armor: Scale mail        |    24 |    68 |    33 ||   125
Dodge: Dodged            |    36 |    38 |    48 ||   122
Block: Kite shield       |    46 |    57 |    94 ||   197
